 Dungeon Crawl Stone Soup version 0.24-a0-7-g1bb0902 (webtiles) character file.

Game seed: 5559947380733002684

74 galech the Skirmisher (level 4, 34/35 HPs)
             Began as a Demonspawn Fighter on Jan 30, 2019.
             Quit the game on level 2 of the Dungeon.
             The game lasted 00:01:44 (873 turns).

galech the Skirmisher (Demonspawn Fighter)           Turns: 873, Time: 00:01:45

Health: 34/35      AC:  6    Str: 16    XL:     4   Next: 9%
Magic:  4/4        EV:  7    Int: 10    God:
Gold:   68         SH:  9    Dex: 13    Spells: 3/3 levels left

rFire    . . .     SeeInvis .   a - +0 war axe
rCold    . . .     Gourm    .   c - +0 shield
rNeg     . . .     Faith    .   b - +0 scale mail
rPois    .         Spirit   .   (helmet restricted)
rElec    .         Reflect  .   (no cloak)
rCorr    .         Harm     .   (no gloves)
MR       .....                  (no boots)
Stlth    ..........             (no amulet)
HPRegen  0.11/turn              e - ring of attention (curse)
MPRegen  0.09/turn              (no ring)

@: no status effects
A: antennae 1, hooves 1
a: no special abilities


You were on level 2 of the Dungeon.
You were not hungry.

You visited 1 branch of the dungeon, and saw 2 of its levels.

You collected 68 gold pieces.

Inventory:

Hand Weapons
 a - a +0 war axe (weapon)
Armour
 b - a +0 scale mail (worn)
 c - a +0 shield (worn)
Jewellery
 e - a cursed ring of attention (left hand)
 i - an uncursed amulet of the gourmand {unknown}
Scrolls
 h - a scroll of teleportation {unknown}
 j - a scroll of enchant armour {unknown}
 k - a scroll of fog {unknown}
Potions
 d - a potion of might
Comestibles
 f - 2 rations
 g - 10 chunks of flesh


   Skills:
 + Level 3.4 Fighting
 + Level 2.9 Axes
 + Level 3.0 Armour
 + Level 0.2 Dodging
 + Level 3.1 Shields


You had 3 spell levels left.
You didn't know any spells.
Your spell library was empty.

Dungeon Overview and Level Annotations

Branches:
Dungeon (2/15)

Altars:


Innate Abilities, Weirdness & Mutations

You have a pair of small antennae on your head.
You have large cloven feet.


Message History

The dart slug is almost dead.
The dart slug launches a dart at you. The slug dart misses you.
You slash the dart slug!
You kill the dart slug!
No target in view!
No target in view!
No target in view!
No target in view!
No target in view!
No target in view!
No target in view!
No target in view!
No target in view!
No target in view!
No target in view!
No target in view!
No target in view!
No target in view!
Are you sure you want to abandon this character and quit the game? (Confirm with "yes".)

#.##############.
#.# #. #.# #. #.#
#. #.# #. ##.##
#. #$..# #. #(#.#
####. #@).#
##.##. ##)##
##.#.#. ..#
#.###.. ..#
##.#.## ... ##.##
..#. #.#
....########.###
⌠.# ............
#######<##.


There were no monsters in sight!

Vanquished Creatures
  2 adders (D:2)
  A worm (D:2)
  2 dart slugs
  2 leopard geckos (D:1)
  3 giant cockroaches
  A goblin (D:1)
  7 hobgoblins
  7 jackals (D:1)
  A ball python (D:1)
  2 bats
  15 frilled lizards
  2 kobolds (D:1)
  4 rats (D:1)
49 creatures vanquished.

Notes
Turn   | Place    | Note
-------+----------+-------------------------------------------
     0 | D:1      | galech the Demonspawn Fighter began the quest for the Orb.
     0 | D:1      | Reached XP level 1. HP: 18/18 MP: 1/1
    59 | D:1      | Gained mutation: You have a pair of small antennae on your
                  | head. [demonic ancestry]
    59 | D:1      | Reached XP level 2. HP: 22/24 MP: 2/2
   267 | D:1      | Reached XP level 3. HP: 29/29 MP: 3/3
   862 | D:2      | Gained mutation: You have large cloven feet. [demonic
                  | ancestry]
   862 | D:2      | Reached XP level 4. HP: 34/35 MP: 4/4
   873 | D:2      | Quit the game

Vault maps used:
D:1:      psy_arrival_dodecagon, minmay_lizard_pond
D:2:      elyvilon_altar_5

Skill      XL: |  1  2 |
---------------+-------+-----
Armour         | 3 |  3.0
Axes           | 2 |  2.9
Shields        | 3 |  3.1
Fighting       | |  3.4
Dodging        | |  0.2

Action                   |  1- 3 |  4- 6 || total
-------------------------+-------+-------++-------
Melee: War axe           |   126 |    10 ||   136
       Kick              |       |     2 ||     2
Armor: Scale mail        |    67 |     3 ||    70
Dodge: Dodged            |    32 |     7 ||    39
Block: Shield            |    69 |     4 ||    73

Table legend:
 A = Non-vault XP
 B = Vault XP
 C = Vault XP percentage of total XP
 D = Non-vault monster count
 E = Vault monster count
 F = Vault count percentage of total count
                 A         B        C        D         E       F
            +---------+---------+-------+---------+---------+-------
      Total |      96 |      10 |   9.4 |      39 |      10 |  20.4
            +---------+---------+-------+---------+---------+-------
        D:1 |      46 |      10 |  17.9 |      27 |      10 |  27.0
        D:2 |      50 |       0 |   0.0 |      12 |       0 |   0.0
            +---------+---------+-------+---------+---------+-------
